 Dungeon Crawl Stone Soup version 0.28.0-43-g3370ac3207 (webtiles) character file.

Game seed: 11923748593315865853

245 silky the Cudgeller (level 5, -1/72 HPs)
             Began as a Minotaur Chaos Knight on Mar 30, 2022.
             Was a Plaything of Xom.
             Killed by divine providence
             ... invoked by an orc priest
              (12 damage)
             ... on level 3 of the Dungeon.
             The game lasted 00:06:19 (2293 turns).

silky the Cudgeller (Minotaur Chaos Knight)         Turns: 2293, Time: 00:06:19

Health: -1/72      AC: 22    Str: 15 (16) XL:     5   Next: 84%
Magic:  4/4        EV:  2    Int:  8 (9)  God:    Xom [......]
Gold:   78         SH:  0    Dex: 16      Spells: 4/4 levels left

rFire   . . .      SeeInvis .   g - +4 great mace (protect)
rCold   . . .      Faith    .   (shield currently unavailable)
rNeg    . . .      Spirit   .   (armour currently unavailable)
rPois   +          Reflect  .   (helmet currently unavailable)
rElec   .          Harm     .   (cloak currently unavailable)
rCorr   .          Rampage  .   (gloves currently unavailable)
Will    .....      NoTele   +   (boots currently unavailable)
Stlth   ++........              h - amulet of magic regeneration
HPRegen 0.22/turn               k - +6 ring of dexterity
MPRegen 0.49/turn               (no ring)

@: tree-form, unable to read
A: stationary, stasis, torment immunity, boosted hp, (horns 2), (retaliatory
headbutt), (claws 1), (deformed body), deterioration 2, weak 1, evolution 1,
inability to read while threatened
a: Renounce Religion


You were on level 3 of the Dungeon.
You worshipped Xom.
You were a very special plaything of Xom.
You were a tree.
You visited 1 branch of the dungeon, and saw 3 of its levels.

You collected 78 gold pieces.

Inventory:

Hand Weapons
 a - a +0 mace of chaos
 g - a +4 great mace of protection (weapon)
Armour
 b - a +2 leather armour
 f - a +2 cloak (melded)
 l - a +0 chain mail (melded)
Jewellery
 h - an amulet of magic regeneration (around neck)
 k - a +6 ring of dexterity (left branch)
Scrolls
 c - a scroll of enchant armour {unknown}
 d - a scroll of magic mapping
 m - 2 scrolls of teleportation {unknown}
 n - a scroll of identify {unknown}
Potions
 j - a potion of berserk rage {unknown}
 o - a potion of resistance {unknown}


   Skills:
 + Level 5.1 Fighting
 + Level 6.1 Maces & Flails
 + Level 3.4 Armour
 + Level 2.1 Dodging
 + Level 0.6 Stealth


You had 4 spell levels left.
You didn't know any spells.
Your spell library contained the following spells:

 Spells                   Type           Power      Damage    Failure   Level
 Ozocubu's Armour         Ice            0%         N/A       78%         3
 Ozocubu's Refrigeration  Ice            0%         4d5       100%        7


Dungeon Overview and Level Annotations

Branches:
Dungeon (3/15)

Altars:
Makhleb
Okawaru
Qazlal
Uskayaw
The Shining One

Shops:
D:1 [


Innate Abilities, Weirdness & Mutations

You are a tree.
Your roots penetrate the ground, keeping you stationary.
You cannot be teleported.
You are immune to unholy pain and torment.
Your maximum health is greatly increased.
Your equipment is partially melded.
((You have a pair of horns on your head.))
((You reflexively headbutt those who attack you in melee.))
((You have sharp fingernails.))
((Armour fits poorly on your strangely shaped body.))
Your body often deteriorates upon taking damage.
You are weak. (Str -2)
You have hidden genetic potential.
You sometimes lose the ability to read scrolls when taking damage.


Message History

You can read scrolls again.
The orc hits you with a +0 whip.
You feel threatened and lose the ability to read scrolls!
You sock the orc!
You kill the orc!
The orc closely misses you.
You closely miss the orc. The orc hits you with a +0 flail.
The orc priest looks braver for a moment.
It was a potion of curing.
You feel better.
Xom roars with laughter!
You can read scrolls again.
The orc hits you but does no damage.
You barely miss the orc. Your headbutt misses the orc.
The orc closely misses you.
The orc priest calls down the wrath of Beogh upon you.
Beogh smites you!
You feel threatened and lose the ability to read scrolls!
* * * LOW HITPOINT WARNING * * *
The orc hits you with a +0 flail.
* * * LOW HITPOINT WARNING * * *
Your body deteriorates!
You feel weakened.
You feel better. The orc completely misses you.
You barely miss the orc. Your headbutt misses the orc.
The orc closely misses you. You furiously retaliate!
You headbutt the orc!
You kill the orc!
You feel your strength returning.
The orc priest calls down the wrath of Beogh upon you.
Beogh smites you!
* * * LOW HITPOINT WARNING * * *
It was a potion of lignification.
You turn into a tree.
Your +2 cloak melds into your body.
Your +0 chain mail melds into your body.
Your roots penetrate the ground.
The orc priest looks satisfied for a moment.
Unknown command.
You swing at nothing.
The orc priest mumbles some strange prayers to Beogh against you.
Beogh smites you!
You die...
Xom is highly amused!

**** #...# #.#
,,,****##### #.#
≈≈≈,,,,,,,####.#
,,,≈≈≈≈≈≈,#.##.#
***,,,,,≈,#.##.#######
,,,***#,≈,#>.........#
≈≈≈,,,#.≈,##########.#
≈_,≈≈,#.≈,##########.##
≈,,,≈,#.≈.#.).oo♣.....#
,*,,,*,≈,#..#########.#
,**,_*,≈,#..# #.##
,,,***,≈,#.r# #..#
≈≈≈,,,,≈,#..# #######.#
,,,≈≈≈≈≈,#oo# #..#).#.#
***,,,,,,#o.# ##....#)#
,,,******#.o# #))†.##.#
≈≈≈,,,,,,...# ##.#.#..#


You could see 2 orc priests.

Vanquished Creatures
  2 hounds (D:3)
  7 adders
  5 gnolls (D:3)
  2 worms (D:2)
  2 dart slugs
  3 orcs (D:3)
  9 bats
  6 endoplasms
  3 giant cockroaches (D:1)
  3 goblins
  5 hobgoblins
  A quokka (D:1)
  4 ball pythons
  A frilled lizard (D:1)
  9 kobolds
  6 rats
68 creatures vanquished.

Vanquished Creatures (collateral kills)
  A bat (D:2)
1 creature vanquished.

Vanquished Creatures (others)
  11 plants (D:3)
11 creatures vanquished.

Grand Total: 80 creatures vanquished

Notes
Turn   | Place    | Note
-------+----------+-------------------------------------------
     0 | D:1      | silky the Minotaur Chaos Knight began the quest for the
                  | Orb.
     0 | D:1      | Reached XP level 1. HP: 19/19 MP: 0/0
    57 | D:1      | XOM: smoke on damage
   134 | D:1      | Reached XP level 2. HP: 27/27 MP: 1/1
   146 | D:1      | Found Anodwith's Antique Armour Shoppe.
   164 | D:1      | XOM: silly message
   211 | D:1      | Reached skill level 4 in Maces & Flails
   211 | D:1      | XOM: silly message
   427 | D:1      | XOM: cast spell 'Summon Ice Beast'
   484 | D:1      | XOM: give mutations
   484 | D:1      | Gained mutation: Armour fits poorly on your strangely
                  | shaped body. [Xom's mischief]
   484 | D:1      | Gained mutation: Your body sometimes deteriorates upon
                  | taking damage. [Xom's mischief]
   725 | D:1      | Reached XP level 3. HP: 33/33 MP: 2/2
  1038 | D:2      | Reached XP level 4. HP: 23/41 MP: 3/3
  1220 | D:2      | XOM: give mutations
  1220 | D:2      | Gained mutation: You are weak. (Str -2) [Xom's mischief]
  1220 | D:2      | Gained mutation: You have hidden genetic potential. [Xom's
                  | mischief]
  1220 | D:2      | Gained mutation: Your body often deteriorates upon taking
                  | damage. [Xom's mischief]
  1220 | D:2      | Gained mutation: You sometimes lose the ability to read
                  | scrolls when taking damage. [Xom's mischief]
  1306 | D:2      | Reached skill level 5 in Maces & Flails
  1330 | D:2      | XOM: confusion
  1437 | D:2      | Found a faded altar of an unknown god.
  1681 | D:3      | Identified a scroll of acquirement
  1681 | D:3      | Acquired a +4 great mace of protection
  1693 | D:3      | Found an iron altar of Okawaru.
  1779 | D:3      | XOM: 3-stop teleportation journey
  1911 | D:3      | Found a hide-covered altar of Uskayaw.
  1912 | D:3      | Found a burning altar of Makhleb.
  1912 | D:3      | Found a stormy altar of Qazlal.
  1921 | D:3      | Reached XP level 5. HP: 47/47 MP: 4/4
  1923 | D:3      | XOM: silly message
  1925 | D:3      | Reached skill level 5 in Fighting
  1926 | D:3      | Gained mutation: You have sharp fingernails. [hidden
                  | potential]
  1976 | D:3      | XOM: divination: detect creatures
  1982 | D:3      | Reached skill level 6 in Maces & Flails
  2120 | D:3      | Found a glowing golden altar of the Shining One.
  2267 | D:3      | XOM: summons 3 hostile demons
  2293 | D:3      | Killed from afar by an orc priest

Illustrated notes

Levels and vault maps discovered:
D:1:      dpeg_arrival_boxorama, layout_rooms, serial_shops, shop
D:2:      layout_rooms, dreamdust_ecumenical_altar_sealed_demon
D:3:      minmay_wonky_spiral, layout_basic,
          chequers_temple_overflow_statue_of_worship,
          mainiacjoe_overflow_six_doors_small, lemuel_coloured_pillars_altar,
          nicolae_overflow_squiral, serial_bayou_lagoon_a, cheibrodos_gnoll_hut

Skill      XL: |  1  2  3  4  5 |
---------------+----------------+-----
Fighting       | 4 5 |  5.1
Maces & Flails | 4 5 6 |  6.1
Armour         | 3 |  3.4
Dodging        | 2 |  2.1
Stealth        | |  0.6

Action                   |  1- 3 |  4- 6 || total
-------------------------+-------+-------++-------
Melee: Mace              |    81 |    22 ||   103
       Headbutt          |    12 |     2 ||    14
       Great mace        |       |    50 ||    50
  Use: Scroll            |       |     3 ||     3
       Potion            |       |     3 ||     3
 Stab: Confused          |       |     2 ||     2
Armor: Leather armour    |    26 |    23 ||    49
       Chain mail        |       |    40 ||    40
Dodge: Dodged            |    50 |    55 ||   105
